cohdb
Replays
Latest Replays
All Replays
Popular Replays
Top Player Replays
Match Explorer
How It Works
Community
CoH3 Stats
Reddit
Sign in to upload your games and track your stats! →
Sign in with Steam
Match 44245283
Unlisted
Match 44245283
Overview
Messages
Build Orders
End
Royal Engineer Section
Vickers Machine Gun Team
Selects Canadian Shock Battlegroup
Construct Section Command Post
Selects Attacking Spirit
Selects Canadian Shock Section
Canadian Shock Section
Construct Platoon Command Post
Humber Armored Car
Light Vehicle Training
Selects Incendiary Munitions
Unlock M3 Stuart Light Tanks
M3 Stuart Light Tank
Canadian Shock Section
M3 Stuart Light Tank
Royal Engineer Section
M3 Stuart Light Tank
Canadian Shock Section
Infantry Training
Selects Pyrotechnics
Construct Company Command Post
Foot Guards Section
Crusader II Medium Tank
Armored Vehicle Training
Selects Smoke Operation
Smoke Operation
Selects Churchill Crocodile Heavy Tank
Foot Guards Section
Smoke Operation
Churchill Crocodile Heavy Tank
Foot Guards Section
Black Stormy
RagingJenni
DrewP
Dillbro
0
0
Comments
sign in to comment!
No comments posted yet!